[Event "Titled Tuesday Blitz November 08 Early 2022"]
[White "Sanchez, Robert"]
[Black "Adnan, Habib"]
[WhiteFideId "2034360"]
[BlackFideId "11202270"]
[WhiteElo "2376"]
[BlackElo "2110"]
[Result "0-1"]
[Round "10"]
[TimeControl "180+1"]
[Date "2022.11.09"]
[WhiteClock "0:00:13"]
[BlackClock "0:00:12"]

1. e4 c5 2. Nf3 Nc6 3. d4 cxd4 4. Nxd4 Nf6 5. Nc3 e5 6. Ndb5 d6 7. Bg5 a6 8. Bxf6 gxf6 9. Na3 Be6 10. Nd5 b5 11. Bd3 f5 12. c4 b4 13. Nc2 a5 14. exf5 Bd7 15. f6 Rg8 16. Be4 Rc8 17. Qh5 h6 18. O-O Be6 19. f4 exf4 20. Nxf4 Bg4 21. Bxc6+ Rxc6 22. Qd5 Qb6+ 23. Kh1 Rc7 24. Rfe1+ Kd8 25. Nd4 Rg5 26. Qa8+ Rc8 27. Qe4 Re5 28. Qd3 Bd7 29. Nd5 Qc5 30. b3 Be6 31. Rxe5 dxe5 32. Nxe6+ fxe6 33. Nb6+ Ke8 34. Nxc8 Qxc8 35. Qg6+ Kd8 36. Rd1+ Kc7 37. Qf7+ Kb8 38. Qd7 Bc5 39. Qxc8+ Kxc8 40. f7 Kc7 41. Rf1 Bf8 42. Rf6 Kd6 43. Rg6 Ke7 44. Rg4 Kxf7 45. Re4 Kf6 46. g3 Kf5 47. Re2 e4 48. Kg2 Bc5 49. h3 e3 50. Kf3 e5 51. g4+ Kg5 52. Ke4 Bd4 53. c5 Bxc5 54. Kxe5 Kh4 55. Kf5 Kxh3 56. Ke5 Kxg4 57. Kd5 Ba7 58. Kc6 Kf3 0-1


[Site "https://www.chess.com"]

[Event "Titled Tuesday Blitz November 08 Early 2022"]
[White "Santos Flores, Alberto"]
[Black "Noboa Silva, Kevin"]
[WhiteFideId "3601234"]
[BlackFideId "3618471"]
[WhiteElo "2235"]
[BlackElo "2178"]
[Result "0-1"]
[Round "10"]
[TimeControl "180+1"]
[Date "2022.11.09"]
[WhiteClock "0:00:05"]
[BlackClock "0:00:06"]

1. d4 e6 2. Nf3 Nf6 3. Bf4 b6 4. e3 Be7 5. h3 d6 6. Nbd2 O-O 7. c3 c5 8. Be2 Ba6 9. O-O Bxe2 10. Qxe2 cxd4 11. exd4 Nbd7 12. Rfe1 Qc7 13. Nf1 Rac8 14. Ng3 Rfe8 15. Nh2 Bf8 16. Ng4 Qc6 17. Bg5 Nd5 18. Nh5 f5 19. Ne3 Nxe3 20. Bxe3 g6 21. Ng3 Bg7 22. Qd2 Nf6 23. Bh6 Bh8 24. Re2 e5 25. dxe5 dxe5 26. Rd1 Qe6 27. Qd6 Kf7 28. Bg5 Bg7 29. Qxe6+ Rxe6 30. Red2 Rc7 31. Bxf6 Bxf6 32. Rd7+ Re7 33. Rxc7 Rxc7 34. Nf1 Ke6 35. Ne3 Rc5 36. Kf1 Bg5 37. Ke2 f4 38. Nc2 e4 39. Rd4 Re5 40. Ra4 a5 41. b4 Be7 42. bxa5 bxa5 43. Rc4 Bc5 44. Ra4 Bb6 45. Nd4+ Kd5 46. Nb3 Kc6 47. Nd4+ Kc5 48. Ra3 Kc4 49. Rb3 Bxd4 50. cxd4 Kxd4 51. Rb7 h5 52. h4 g5 53. Rd7+ Kc4 54. hxg5 Rxg5 55. Re7 Kd4 56. Rd7+ Rd5 57. Rf7 Ke5 58. Re7+ Kf5 59. Rf7+ Kg5 60. Rg7+ Kf6 61. Rh7 Rb5 62. g3 Rb2+ 63. Ke1 e3 64. fxe3 fxg3 0-1


[Site "https://www.chess.com"]

[Event "Titled Tuesday Blitz November 08 Early 2022"]
[White "Sarana, Alexey"]
[Black "Ibarra Jerez, Jose Carlos"]
[WhiteFideId "24133795"]
[BlackFideId "2226332"]
[WhiteElo "2708"]
[BlackElo "2638"]
[Result "1-0"]
[Round "10"]
[TimeControl "180+1"]
[Date "2022.11.08"]
[WhiteClock "0:00:10"]
[BlackClock "0:00:01"]

1. c4 e5 2. Nc3 Nf6 3. Nf3 e4 4. Ng5 c6 5. Qa4 Qe7 6. Qc2 b5 7. cxb5 d5 8. bxc6 h6 9. c7 hxg5 10. cxb8=Q Rxb8 11. d4 exd3 12. Qxd3 Qe5 13. e3 Bc5 14. Be2 Bf5 15. Qa6 Kf8 16. Bd2 Rxb2 17. Rc1 Bb4 18. a3 Bd6 19. Nb5 Rxd2 20. Qxd6+ Qxd6 21. Nxd6 Rc2 22. Rxc2 Bxc2 23. f3 Ke7 24. Nb5 Ba4 25. Nd4 Rb8 26. Kd2 Rb2+ 27. Kc3 Ra2 28. Rb1 Bd7 29. Rb7 Kd6 30. Rxa7 g4 31. Ra6+ Ke7 32. Kb3 Rd2 33. a4 gxf3 34. gxf3 Kd8 35. a5 Kc7 36. Rb6 Bc8 37. Kc3 Ra2 38. Rc6+ Kb8 39. a6 Bd7 40. Rb6+ Ka8 41. Bb5 Bxb5 42. Nxb5 Nd7 43. Rb7 Nc5 44. Nc7# 1-0


[Site "https://www.chess.com"]

[Event "Titled Tuesday Blitz November 08 Early 2022"]
[White "Savic, Miomir"]
[Black "Gabdrakhmanov, Azat"]
[WhiteFideId "934550"]
[BlackFideId "34189197"]
[WhiteElo "2122"]
[BlackElo "2254"]
[Result "1-0"]
[Round "10"]
[TimeControl "180+1"]
[Date "2022.11.09"]
[WhiteClock "0:01:20"]
[BlackClock "0:00:29"]

1. d4 Nf6 2. Bg5 Ne4 3. Bf4 c5 4. f3 Nf6 5. d5 d6 6. Nc3 g6 7. e4 Bg7 8. Nge2 Nbd7 9. a4 a6 10. Ng3 Rb8 11. Be2 O-O 12. Qd2 Ne5 13. O-O Bd7 14. h3 b5 15. axb5 axb5 16. b3 b4 17. Nd1 e6 18. Bg5 exd5 19. exd5 Bc8 20. Nf2 Qc7 21. f4 Ned7 22. f5 Ne8 23. Be7 Bxa1 24. Rxa1 f6 25. fxg6 hxg6 26. Qh6 Rf7 27. Qxg6+ Ng7 28. Nf5 Rxe7 29. Nxe7+ Kf8 30. Qh6 Qd8 31. Nf5 1-0


[Site "https://www.chess.com"]

[Event "Titled Tuesday Blitz November 08 Early 2022"]
[White "Seletsky, Grigory"]
[Black "Tate, Alan"]
[WhiteFideId "14112191"]
[BlackFideId "2401878"]
[WhiteElo "2492"]
[BlackElo "2179"]
[Result "1-0"]
[Round "10"]
[TimeControl "180+1"]
[Date "2022.11.09"]
[WhiteClock "0:01:30"]
[BlackClock "0:00:01"]

1. e4 g6 2. d4 Bg7 3. Nc3 d6 4. Be3 a6 5. a4 Nf6 6. h3 Nc6 7. Nf3 O-O 8. Be2 e5 9. d5 Nb4 10. O-O a5 11. Ne1 c6 12. Bf3 cxd5 13. Nxd5 Nbxd5 14. exd5 b6 15. c3 Ba6 16. Be2 Bxe2 17. Qxe2 Nxd5 18. Rd1 Nxe3 19. fxe3 e4 20. Rd5 Be5 21. Nc2 Qh4 22. Qg4 Qxg4 23. hxg4 Rfe8 24. Na3 Rac8 25. Rb5 Rc6 26. Rd1 h6 27. Rbd5 Bg3 28. Nb5 1-0


[Site "https://www.chess.com"]

[Event "Titled Tuesday Blitz November 08 Early 2022"]
[White "Sernecki, Franciszek"]
[Black "Prem, Pranav"]
[WhiteFideId "1169297"]
[BlackFideId "30901057"]
[WhiteElo "2210"]
[BlackElo "1970"]
[Result "0-1"]
[Round "10"]
[TimeControl "180+1"]
[Date "2022.11.09"]
[WhiteClock "0:00:42"]
[BlackClock "0:00:16"]

1. c4 e6 2. Nc3 d5 3. cxd5 exd5 4. d4 c6 5. Nf3 Nf6 6. Bg5 Be7 7. e3 Bf5 8. Bd3 Bxd3 9. Qxd3 Nbd7 10. O-O O-O 11. Rab1 a5 12. a3 Re8 13. b4 axb4 14. axb4 Ne4 15. Bxe7 Qxe7 16. Nd2 f5 17. b5 Ra3 18. Ndxe4 fxe4 19. Qd2 Nb6 20. bxc6 Nc4 21. Nxd5 Nxd2 22. Nxe7+ Kf8 23. cxb7 Nxb1 24. Nc6 Rb3 25. b8=Q Rexb8 26. Nxb8 Rxb8 27. f3 Nd2 28. Rd1 Rb2 29. fxe4 Nxe4 30. h3 Ke7 31. d5 Kd6 32. Rd4 Nf6 33. Kh2 Rb5 34. e4 Ke5 35. Ra4 Rb7 36. h4 Nxe4 37. h5 h6 38. d6 Nxd6 39. Rg4 Kf5 40. Kh3 Ne4 41. Rg6 Nf6 42. g4+ Kf4 43. Kh4 Rb1 44. Kh3 Kf3 45. Kh2 Nxg4+ 46. Kh3 Rh1# 0-1


[Site "https://www.chess.com"]

[Event "Titled Tuesday Blitz November 08 Early 2022"]
[White "Shapiro, Daniel"]
[Black "Dahlgren, James Allen"]
[WhiteFideId "2001780"]
[BlackFideId "22256873"]
[WhiteElo "2295"]
[BlackElo "2199"]
[Result "1-0"]
[Round "10"]
[TimeControl "180+1"]
[Date "2022.11.09"]
[WhiteClock "0:01:14"]
[BlackClock "0:00:46"]

1. d4 e6 2. c4 c5 3. d5 Nf6 4. Nc3 g6 5. e4 exd5 6. cxd5 d6 7. h3 Bg7 8. Nf3 O-O 9. Bd3 Re8 10. O-O Na6 11. Re1 Nc7 12. a4 h6 13. Bf4 Qe7 14. e5 dxe5 15. Bxe5 Qd8 16. d6 Rxe5 17. Nxe5 Qxd6 18. Bxg6 Qxd1 19. Bxf7+ Kf8 20. Raxd1 Bf5 21. Bg6 Bxg6 22. Nxg6+ Kf7 23. Re7+ Kxg6 24. Rxc7 b6 25. g4 h5 26. Rd6 hxg4 27. hxg4 Rg8 28. f4 Bf8 29. Re6 c4 30. Ne4 1-0


[Site "https://www.chess.com"]

[Event "Titled Tuesday Blitz November 08 Early 2022"]
[White "Shimanov, Aleksandr"]
[Black "Al-Tarboush, Ward"]
[WhiteFideId "4198603"]
[BlackFideId "7601450"]
[WhiteElo "2605"]
[BlackElo "2273"]
[Result "0-1"]
[Round "10"]
[TimeControl "180+1"]
[Date "2022.11.09"]
[WhiteClock "0:00:06"]
[BlackClock "0:00:03"]

1. g4 Nc6 2. Bg2 e5 3. c4 Bc5 4. Nc3 d6 5. h3 Nge7 6. e3 f5 7. g5 e4 8. d4 exd3 9. Qxd3 Ne5 10. Qe2 Be6 11. b3 c6 12. Bb2 a5 13. Nf3 Qc7 14. Nd4 Bd7 15. f4 N5g6 16. O-O h6 17. Na4 Ba7 18. Rad1 hxg5 19. fxg5 Ne5 20. Kh1 O-O-O 21. Nf3 Ng4 22. Bd4 Kb8 23. Bxa7+ Kxa7 24. Rd4 Ng6 25. Rfd1 Rde8 26. R1d3 d5 27. Qe1 f4 28. cxd5 Nxe3 29. Qc3 Bxh3 30. Rxe3 fxe3 31. d6 Qd7 32. Qxa5+ Kb8 33. Kg1 Bxg2 34. Qa8+ Kxa8 35. Nb6+ Ka7 36. Nxd7 b5 37. Kxg2 e2 38. Nc5 Nh4+ 39. Rxh4 Rxh4 40. d7 Rd8 41. Kf2 Kb6 42. b4 Rxb4 43. Nd3 Ra4 44. Nfe5 Rxa2 45. Nf4 Ra4 46. Ne6 Re4 47. Nxd8 e1=Q+ 0-1


[Site "https://www.chess.com"]

[Event "Titled Tuesday Blitz November 08 Early 2022"]
[White "Skibbe, Willi"]
[Black "Brown, Andrew"]
[WhiteFideId "4682190"]
[BlackFideId "3206513"]
[WhiteElo "2364"]
[BlackElo "2245"]
[Result "1-0"]
[Round "10"]
[TimeControl "180+1"]
[Date "2022.11.09"]
[WhiteClock "0:00:23"]
[BlackClock "0:00:10"]

1. d4 d5 2. Nf3 c6 3. c4 dxc4 4. e3 g6 5. Bxc4 Bg7 6. O-O Nf6 7. Nc3 O-O 8. h3 Nd5 9. e4 Nxc3 10. bxc3 b5 11. Bb3 a5 12. a4 b4 13. cxb4 axb4 14. Be3 Ba6 15. Re1 Nd7 16. Rc1 Rc8 17. e5 e6 18. Ng5 c5 19. d5 exd5 20. Qxd5 c4 21. Nxf7 Qe7 22. Nd6+ Kh8 23. Nxc8 Bxc8 24. Bxc4 Nxe5 25. Bc5 Qg5 26. Bxf8 1-0


[Site "https://www.chess.com"]

[Event "Titled Tuesday Blitz November 08 Early 2022"]
[White "Storey, Charles H"]
[Black "Horobetz, Graham"]
[WhiteFideId "406686"]
[BlackFideId "2047322"]
[WhiteElo "2252"]
[BlackElo "2600"]
[Result "1-0"]
[Round "10"]
[TimeControl "180+1"]
[Date "2022.11.09"]
[WhiteClock "0:00:08"]
[BlackClock "0:00:09"]

1. c4 c5 2. g3 g6 3. Bg2 Bg7 4. Nc3 Nc6 5. Nf3 e5 6. d3 Nge7 7. h4 h6 8. Bd2 d6 9. a3 a5 10. Qc1 Be6 11. e4 f6 12. Nd5 h5 13. b4 axb4 14. axb4 Rxa1 15. Qxa1 cxb4 16. Nxb4 O-O 17. O-O Nxb4 18. Bxb4 Nc6 19. Ba3 Rf7 20. Rb1 Bf8 21. Bc1 Be7 22. Be3 Qd7 23. Qa8+ Bd8 24. Kh2 Kg7 25. Ng1 f5 26. exf5 gxf5 27. Bb6 Bxb6 28. Rxb6 f4 29. Nf3 fxg3+ 30. fxg3 Bg4 31. Ng5 Re7 32. Bd5 Nd8 33. Rb2 Ne6 34. Bxe6 Bxe6 35. Rf2 Bf7 36. Qa1 Qg4 37. Qe1 Bg6 38. Qf1 e4 39. dxe4 Bxe4 40. Rf7+ Rxf7 41. Qxf7+ Kh6 42. Qf8+ Kg6 43. Qe8+ Kh6 44. Qxe4 Qd1 45. Qf3 Qxf3 46. Nxf3 Kg6 47. Nd4 Kf6 48. Nb5 Ke5 49. g4 hxg4 50. Kg3 d5 51. cxd5 Kxd5 52. h5 Kc5 53. h6 Kxb5 54. h7 Kc4 55. h8=Q b5 56. Kxg4 Kb3 57. Kf3 b4 58. Ke2 Ka2 59. Kd1 b3 60. Kc1 Ka3 61. Qb2+ 1-0


[Site "https://www.chess.com"]

[Event "Titled Tuesday Blitz November 08 Early 2022"]
[White "Stribuk, Artiom"]
[Black "Goryachkina, Aleksandra"]
[WhiteFideId "13515659"]
[BlackFideId "4147103"]
[WhiteElo "2371"]
[BlackElo "2484"]
[Result "1/2-1/2"]
[Round "10"]
[TimeControl "180+1"]
[Date "2022.11.08"]
[WhiteClock "0:00:05"]
[BlackClock "0:00:07"]

1. d4 Nf6 2. c4 e6 3. Nf3 d5 4. g3 dxc4 5. Bg2 c5 6. O-O Nc6 7. Qa4 Bd7 8. Qxc4 cxd4 9. Nxd4 Rc8 10. Nc3 Be7 11. Rd1 Qa5 12. Qb5 Qxb5 13. Ndxb5 a6 14. Nd6+ Bxd6 15. Rxd6 Ke7 16. Rd1 Rhd8 17. b3 Ke8 18. Bb2 h6 19. Rd2 Na5 20. Rad1 Bc6 21. f3 Rxd2 22. Rxd2 Rd8 23. Rxd8+ Kxd8 24. e4 b5 25. Ba3 Nd7 26. Kf2 Bb7 27. Bf1 Nc6 28. Bd6 Ne7 29. Ke3 e5 30. Bd3 f6 31. f4 exf4+ 32. gxf4 g5 33. Be2 Ng6 34. Bh5 Nxf4 35. Bxf4 gxf4+ 36. Kxf4 Ne5 37. Ne2 Ke7 38. Nd4 Bc8 39. Be2 Be6 40. a3 Kd6 41. b4 Ke7 42. Ke3 Bc4 43. Nf5+ Kf8 44. Nxh6 Bxe2 45. Kxe2 Nc4 46. Ng4 Kf7 47. Ne3 Nxa3 48. Nd5 Nc4 49. Kd3 a5 50. bxa5 Nxa5 51. Kd4 Nc6+ 52. Kc5 Ne5 53. Kxb5 Nf3 54. h3 Ng5 55. Nf4 Nxe4 56. Kc4 Ng5 57. h4 Nf3 58. h5 Kg7 59. Kd5 Ne5 60. Ke6 Ng4 61. Ke7 Nh6 62. Ne6+ Kh7 63. Kxf6 Ng8+ 64. Kg5 Nh6 65. Nf8+ Kg7 66. Ne6+ Kh7 67. Nd8 Kg7 68. Nc6 Nf7+ 69. Kh4 Nh6 70. Nd4 Kf6 71. Nf3 Nf5+ 72. Kg4 Nh6+ 73. Kf4 Nf7 74. Nh2 Nh6 75. Nf1 Nf7 76. Ne3 Nh6 77. Nd5+ Kg7 78. Ne7 Kf6 79. Nd5+ Kg7 80. Nc7 Kf6 81. Ne8+ Kf7 82. Nc7 Kf6 83. Nb5 Nf7 84. Nc3 Nh6 85. Ne4+ Kg7 86. Kg5 Nf7+ 87. Kf5 Nh6+ 88. Ke6 Ng8 89. Ng3 Nh6 90. Ke5 Kf7 91. Ne4 Kg7 92. Ng5 Ng4+ 93. Kf4 Nf6 94. Ne6+ Kh6 95. Kf5 Nxh5 1/2-1/2


[Site "https://www.chess.com"]

[Event "Titled Tuesday Blitz November 08 Early 2022"]
[White "Tasev, Dejan"]
[Black "Winterberg, Lukas"]
[WhiteFideId "936618"]
[BlackFideId "24622702"]
[WhiteElo "2256"]
[BlackElo "2349"]
[Result "1-0"]
[Round "10"]
[TimeControl "180+1"]
[Date "2022.11.09"]
[WhiteClock "0:00:47"]
[BlackClock "0:01:02"]

1. e4 c5 2. Nf3 e6 3. Nc3 Nc6 4. d4 cxd4 5. Nxd4 Qc7 6. Be2 Nf6 7. O-O a6 8. Be3 Nxd4 9. Qxd4 Bd6 10. f4 e5 11. Qd2 exf4 12. Bxf4 Bxf4 13. Rxf4 O-O 14. Raf1 Re8 15. Rxf6 gxf6 16. Nd5 Qc5+ 17. Kh1 Re6 18. Qh6 d6 19. Rf3 f5 20. Rg3+ Rg6 21. Nf6+ Kh8 22. Qxh7# 1-0


[Site "https://www.chess.com"]

[Event "Titled Tuesday Blitz November 08 Early 2022"]
[White "Tharushi, T H D Niklesha"]
[Black "Prydun, Andriy"]
[WhiteFideId "9918264"]
[BlackFideId "14145898"]
[WhiteElo "1596"]
[BlackElo "2163"]
[Result "0-1"]
[Round "10"]
[TimeControl "180+1"]
[Date "2022.11.09"]
[WhiteClock "0:00:42"]
[BlackClock "0:01:19"]

1. e4 c6 2. d4 d5 3. e5 Bf5 4. Bd3 Bxd3 5. Qxd3 e6 6. Nf3 Ne7 7. Nbd2 Nd7 8. c3 c5 9. O-O Nc6 10. a3 Be7 11. b4 cxb4 12. axb4 O-O 13. Nb3 b6 14. Be3 Qc8 15. Bg5 Qd8 16. Be3 Qc8 17. Qa6 Qc7 18. Qd3 Ncb8 19. Ra2 Rc8 20. Bd2 Qc4 21. Nc1 a5 22. bxa5 bxa5 23. Qxc4 Rxc4 24. Nb3 a4 25. Rfa1 Nc6 26. Nc1 Nb6 27. Nd3 a3 28. Nb4 Nxb4 29. cxb4 Bxb4 30. Bxb4 Rxb4 31. h3 Nc4 32. Ne1 Rab8 33. Nc2 Rb2 34. Nxa3 Rxa2 35. Rxa2 Ra8 36. Nxc4 Rxa2 37. Nd6 Ra4 38. Nb5 Rb4 39. Na7 Rxd4 40. g3 Rc4 41. f4 Rc5 42. Kf2 Kf8 43. Ke3 Ke8 44. Kd4 Rc4+ 45. Kd3 Rb4 46. Nc6 Rb3+ 47. Kd4 Rxg3 48. Kc5 Rxh3 49. Kd6 Rf3 50. Nb4 Rxf4 51. Na6 h5 52. Nc7+ Kf8 53. Nb5 h4 54. Nc3 h3 55. Ne2 Rg4 56. Kd7 h2 57. Nd4 Rxd4 58. Kd8 Rc4 59. Kd7 h1=Q 60. Kd6 Qb1 61. Kd7 Qb7+ 62. Kd8 Qc8# 0-1


[Site "https://www.chess.com"]

[Event "Titled Tuesday Blitz November 08 Early 2022"]
[White "Troltenier, Dirk"]
[Black "Estrada Nieto, Julian"]
[WhiteFideId "4606400"]
[BlackFideId "5101018"]
[WhiteElo "2330"]
[BlackElo "2221"]
[Result "0-1"]
[Round "10"]
[TimeControl "180+1"]
[Date "2022.11.09"]
[WhiteClock "0:00:03"]
[BlackClock "0:00:40"]

1. e4 e5 2. Nf3 Nc6 3. Bc4 Bc5 4. O-O Nf6 5. Nc3 d6 6. d3 Na5 7. Bb3 Nxb3 8. axb3 a6 9. Be3 Bxe3 10. fxe3 O-O 11. Qe1 c6 12. Nh4 Be6 13. Qg3 Nd7 14. Rf2 h6 15. Raf1 Qg5 16. Nf5 Bxf5 17. Qxg5 hxg5 18. Rxf5 f6 19. g3 Kh7 20. Kg2 Kg6 21. R5f2 Rh8 22. Rd2 Rh7 23. Rh1 Nc5 24. d4 exd4 25. exd4 Ne6 26. Re1 g4 27. Ne2 Ng5 28. Ng1 Re8 29. Rde2 Rhh8 30. c3 Re7 31. Re3 Rhe8 32. h4 Nxe4 33. Ne2 d5 34. Nf4+ Kf7 35. c4 dxc4 36. bxc4 Nd2 37. Rxe7+ Rxe7 38. Rxe7+ Kxe7 39. c5 Nc4 40. Kf2 Nxb2 41. Ke3 Na4 42. Kd2 b6 43. cxb6 Nxb6 44. Kc3 Nd5+ 0-1


[Site "https://www.chess.com"]

[Event "Titled Tuesday Blitz November 08 Early 2022"]
[White "Turzo, Attila"]
[Black "Putnam, Liam"]
[WhiteFideId "704954"]
[BlackFideId "30938279"]
[WhiteElo "2512"]
[BlackElo "2082"]
[Result "0-1"]
[Round "10"]
[TimeControl "180+1"]
[Date "2022.11.09"]
[WhiteClock "0:00:10"]
[BlackClock "0:00:22"]

1. d4 Nf6 2. c4 e6 3. Nf3 Bb4+ 4. Bd2 Qe7 5. e3 O-O 6. Bd3 d5 7. O-O dxc4 8. Bxc4 Rd8 9. Bxb4 Qxb4 10. Qb3 Qe7 11. Nc3 a6 12. Rac1 b5 13. Be2 Bb7 14. a4 b4 15. a5 Nc6 16. Na2 Rab8 17. Qa4 Qd6 18. Rc4 Ba8 19. Nc1 Rb5 20. Nb3 Nd5 21. Rc5 Rbb8 22. Rfc1 Nce7 23. R5c2 h6 24. Nc5 Bc6 25. Qa1 Bb5 26. Ne5 f6 27. Nc4 Bxc4 28. Bxc4 Ra8 29. b3 Kh8 30. Qa4 Rdb8 31. Qd7 Qxd7 32. Nxd7 Rd8 33. Nc5 Rd6 34. g3 g5 35. e4 Nc3 36. Nxe6 Nc6 37. Nxc7 Rc8 38. Nxa6 Nxd4 39. Rb2 Nce2+ 40. Bxe2 Nxe2+ 41. Rxe2 Rxc1+ 42. Kg2 Rxa6 43. Ra2 Rc5 44. Ra4 Rb5 45. f4 Raxa5 46. Rxa5 Rxa5 47. Kf3 Ra3 48. e5 Rxb3+ 49. Ke4 fxe5 50. Kxe5 gxf4 51. gxf4 Rc3 0-1


[Site "https://www.chess.com"]

[Event "Titled Tuesday Blitz November 08 Early 2022"]
[White "Urazayev, Arystanbek"]
[Black "Aradhya, Garg"]
[WhiteFideId "13709810"]
[BlackFideId "25006746"]
[WhiteElo "2441"]
[BlackElo "2223"]
[Result "0-1"]
[Round "10"]
[TimeControl "180+1"]
[Date "2022.11.08"]
[WhiteClock "0:00:52"]
[BlackClock "0:00:36"]

1. d4 d5 2. c4 c6 3. Nf3 Nf6 4. e3 Bf5 5. Nc3 e6 6. Nh4 Be4 7. f3 Bg6 8. Qb3 Qc7 9. Bd2 Nbd7 10. Nxg6 hxg6 11. O-O-O a5 12. Kb1 a4 13. Qc2 a3 14. b3 Rxh2 15. Rxh2 Qxh2 16. e4 dxe4 17. fxe4 e5 18. d5 Qh4 19. Be2 Bb4 20. Bf3 g5 21. Qc1 Bxc3 22. Bxg5 Qg3 23. Bxf6 Nxf6 24. Qxc3 Nxe4 25. Qe1 Qxe1 26. Rxe1 Nd2+ 27. Kc2 Nxf3 28. gxf3 f6 29. dxc6 bxc6 30. f4 Kf7 31. fxe5 Re8 32. b4 Rxe5 33. Rb1 g5 34. b5 cxb5 35. cxb5 Rc5+ 36. Kd3 Ke6 37. b6 Rc8 38. Rb3 Rb8 39. Kc4 f5 40. Kc5 f4 41. Rxa3 g4 42. Ra4 Kf5 43. Ra7 f3 44. Rf7+ Ke4 45. Rg7 f2 46. Re7+ Kd3 47. Rf7 g3 48. b7 g2 0-1


[Site "https://www.chess.com"]

[Event "Titled Tuesday Blitz November 08 Early 2022"]
[White "Valle Maytin, Luis Enrique"]
[Black "Lawson, Eric"]
[WhiteFideId "3503666"]
[BlackFideId "2604116"]
[WhiteElo "2225"]
[BlackElo "2506"]
[Result "0-1"]
[Round "10"]
[TimeControl "180+1"]
[Date "2022.11.09"]
[WhiteClock "0:00:01"]
[BlackClock "0:00:06"]

1. e4 c5 2. Nf3 d6 3. d4 cxd4 4. Nxd4 Nf6 5. Nc3 a6 6. Bg5 e6 7. f4 Qb6 8. Qd2 Qxb2 9. Rb1 Qa3 10. f5 Nc6 11. fxe6 fxe6 12. Bc4 Nxd4 13. Qxd4 Be7 14. e5 dxe5 15. Qxe5 Ng4 16. Qxg7 Bxg5 17. Qxh8+ Kd7 18. Qd4+ Kc7 19. Qb6+ Kb8 20. Qb3 Qc5 21. Ne4 Qe5 22. Bd3 Be3 23. Qc3 Bd4 24. Qb4 Ka7 25. Qd6 Qa5+ 26. Ke2 Bb6 27. Rb3 Rb8 28. Rhb1 Bc7 29. Qc5+ Qxc5 30. Nxc5 Bxh2 31. Kf3 Ne5+ 32. Ke4 Nxd3 33. cxd3 Bd6 34. d4 b6 35. Nd3 Bb7+ 36. Ke3 Bxg2 37. Ne5 Bd5 38. R3b2 Bxe5 39. dxe5 h5 40. Rh2 Rh8 41. Rg1 b5 42. Rg5 h4 43. Rg4 h3 44. Kf2 Rf8+ 45. Kg3 Bg2 46. Kh4 Rf5 47. Rg7+ Kb6 48. Rg5 Rxg5 49. Kxg5 Kc5 50. Kf6 Kd5 51. a3 a5 0-1


[Site "https://www.chess.com"]

[Event "Titled Tuesday Blitz November 08 Early 2022"]
[White "Vidruska, Renate"]
[Black "Khaliun, Batnasan"]
[WhiteFideId "11601841"]
[BlackFideId "4906276"]
[WhiteElo "1877"]
[BlackElo "1752"]
[Result "1/2-1/2"]
[Round "10"]
[TimeControl "180+1"]
[Date "2022.11.09"]
[WhiteClock "0:00:12"]
[BlackClock "0:00:04"]

1. e4 c5 2. Nf3 d6 3. d4 cxd4 4. Nxd4 Nf6 5. Nc3 a6 6. g3 e5 7. Nde2 Be6 8. Bg2 Nbd7 9. O-O Be7 10. h3 b5 11. g4 Nc5 12. Ng3 b4 13. Nd5 Bxd5 14. exd5 O-O 15. f4 Rc8 16. fxe5 dxe5 17. Qe2 Re8 18. g5 Nfd7 19. Kh1 Bxg5 20. Qh5 Bxc1 21. Qxf7+ Kh8 22. Raxc1 Rf8 23. Qh5 Nf6 24. Qe2 Qc7 25. Nf5 Rcd8 26. Rcd1 e4 27. d6 Qd7 28. Qc4 Qe6 29. Qxc5 Nd7 30. Qxb4 Rxf5 31. Qxe4 Rxf1+ 32. Rxf1 Qxe4 33. Bxe4 Nf6 34. Bg2 Rxd6 35. Rf2 h6 36. Kh2 Rd1 37. Re2 Rd6 38. b3 Kh7 39. a4 a5 40. Re5 Rd2 41. Rc5 Ne4 42. Rxa5 Rxc2 43. Rb5 Nc3 44. Rb8 Nd1 45. Kg3 Ne3 46. Bf3 Rc3 47. Kf4 Nc2 48. b4 Rc4+ 49. Ke5 Rxb4 50. Be4+ g6 51. Rxb4 Nxb4 52. Kd4 Kg7 53. Kc5 Na6+ 54. Kb6 Nb4 55. a5 Kf6 56. Kb5 Na2 57. a6 Nc3+ 58. Kc6 Nxe4 59. a7 Kg5 60. a8=Q Kh4 61. Kd5 Ng5 62. Ke5 Nxh3 63. Kf6 g5 64. Qa4+ g4 65. Kg6 h5 66. Qa8 Nf4+ 67. Kf5 Ne2 68. Qh1+ Kg3 69. Qxh5 Nf4 70. Qh1 Nh3 71. Ke4 Kh4 72. Kf5 Kg3 73. Qe1+ Nf2 74. Kg5 Kg2 75. Qe2 g3 76. Kh4 Kh2 77. Qf1 g2 78. Qxg2+ Kxg2 1/2-1/2


[Site "https://www.chess.com"]

[Event "Titled Tuesday Blitz November 08 Early 2022"]
[White "Vlassov, Nikolai"]
[Black "Devaev, Alexander"]
[WhiteFideId "4103360"]
[BlackFideId "4169395"]
[WhiteElo "2324"]
[BlackElo "2225"]
[Result "1-0"]
[Round "10"]
[TimeControl "180+1"]
[Date "2022.11.09"]
[WhiteClock "0:00:12"]
[BlackClock "0:00:01"]

1. g4 d5 2. Bg2 c6 3. h3 g6 4. d4 Bg7 5. Nf3 Nd7 6. Bf4 Ngf6 7. O-O O-O 8. Nbd2 h5 9. g5 Ne8 10. c4 Nb6 11. Rc1 Bf5 12. Re1 dxc4 13. Nxc4 Nxc4 14. Rxc4 Nd6 15. Rc1 Be4 16. Be5 Bxf3 17. Bxf3 e6 18. h4 Nf5 19. Be4 Nxd4 20. Bxg7 Kxg7 21. e3 Nb5 22. Qb3 Nd6 23. Red1 Qe7 24. Bb1 Rfd8 25. Rd4 e5 26. Rd2 e4 27. Rcd1 Nf5 28. Rxd8 Rxd8 29. Rxd8 Qxd8 30. Bxe4 Nxh4 31. Qc3+ Kg8 32. f4 Qd1+ 33. Kf2 Qg4 34. Qd4 Nf5 35. Qd8+ Kh7 36. Bxf5 Qxf5 37. Qc7 b5 38. Qxa7 h4 39. Qc7 Kg7 40. Qxc6 h3 41. Kg3 1-0


[Site "https://www.chess.com"]

[Event "Titled Tuesday Blitz November 08 Early 2022"]
[White "Volkov, Maksim"]
[Black "Orozbaev, Eldiar"]
[WhiteFideId "54123070"]
[BlackFideId "13802240"]
[WhiteElo "2257"]
[BlackElo "2244"]
[Result "0-1"]
[Round "10"]
[TimeControl "180+1"]
[Date "2022.11.08"]
[WhiteClock "0:00:16"]
[BlackClock "0:00:40"]

1. d4 Nf6 2. c4 c5 3. d5 b5 4. cxb5 a6 5. bxa6 Bxa6 6. Nc3 g6 7. e4 Bxf1 8. Kxf1 d6 9. Nf3 Bg7 10. g3 O-O 11. Kg2 Qb6 12. a4 Na6 13. Re1 Nd7 14. Ra3 Rfb8 15. Qe2 Nc7 16. Nd2 Qa6 17. Nc4 Rb4 18. Ne3 Qxe2 19. Rxe2 Bxc3 20. bxc3 Rbxa4 21. Rea2 Nb6 22. c4 Kf8 23. Kf3 Ke8 24. Ke2 Kd7 25. Kd3 Kc8 26. f4 Kb7 27. g4 R8a5 28. Rxa4 Nxa4 29. g5 Na6 30. Ra3 Nb4+ 31. Ke2 Ka6 32. e5 Nb6 33. Rxa5+ Kxa5 34. Bb2 Ka4 35. e6 fxe6 36. dxe6 Kb3 37. Bf6 Nxc4 38. Bxe7 Nxe3 39. Kxe3 Nd5+ 0-1


[Site "https://www.chess.com"]

[Event "Titled Tuesday Blitz November 08 Early 2022"]
[White "Wagner, Dennis"]
[Black "Ter-Sahakyan, Samvel"]
[WhiteFideId "24650684"]
[BlackFideId "13302531"]
[WhiteElo "2470"]
[BlackElo "2584"]
[Result "0-1"]
[Round "10"]
[TimeControl "180+1"]
[Date "2022.11.08"]
[WhiteClock "0:00:03"]
[BlackClock "0:00:07"]

1. e4 c6 2. d4 d5 3. e5 Bf5 4. Nf3 e6 5. Be2 Nd7 6. c3 a5 7. a4 f6 8. O-O fxe5 9. dxe5 Bc5 10. Nd4 Ne7 11. f4 O-O 12. Kh1 Bxd4 13. cxd4 c5 14. Nc3 cxd4 15. Nb5 d3 16. Bxd3 Bxd3 17. Qxd3 Nc5 18. Qh3 Nf5 19. Be3 Ne4 20. Rac1 Rc8 21. Bg1 h6 22. Qg4 Qe7 23. Qg6 Qh4 24. Qxe6+ Kh7 25. h3 Rc2 26. Bh2 Nfg3+ 27. Bxg3 Nxg3+ 28. Kh2 Nxf1+ 29. Rxf1 Rxf4 30. Qxd5 Rxf1 31. Qd3+ Kh8 32. Qxf1 Rf2 33. Qd3 Qf4+ 34. Kg1 Rd2 35. Qf1 Qxe5 36. Qf8+ Kh7 37. Qf3 Rxb2 38. Qd3+ Kg8 39. Nd4 Rb4 40. Nf3 Qc5+ 41. Kh2 Qe7 42. Qd5+ Kh8 43. Ne5 Qf6 44. Nf7+ Kh7 45. Ne5 Qf4+ 46. Kg1 Rb1+ 0-1


[Site "https://www.chess.com"]